 Dungeon Crawl Stone Soup version 0.31-a0-354-g827e0957a7 (webtiles) character file.

Game seed: 9122428059335166323

4 Grim the Ruffian (level 1, 0/16 HPs)
             Began as a Draconian Shapeshifter on July 24, 2023.
             Slain by a gnoll
             ... wielding a +0 club
              (5 damage)
             ... on level 1 of the Dungeon.
             The game lasted 00:00:38 (85 turns).

Grim the Ruffian (Draconian Shapeshifter)             Turns: 85, Time: 00:00:39

Health: 0/16       AC:  4    Str: 17    XL:     1   Next: 50%
Magic:  1/1        EV:  9    Int:  8    God:
Gold:   13         SH:  0    Dex: 11    Spells: 0/0 levels left

rFire   . .          .
                       - Unarmed
rCold   . . .        (no shield)
rNeg    . . .        (body armour unavailable)
rPois   .            (helmet restricted)
rElec   .            (no cloak)
rCorr   .            (no gloves)
SInv    .            (no boots)
Will    .....        (no amulet)
Stlth   +            (no ring)
HPRegen 0.22/turn    (no ring)
MPRegen 0.07/turn

%: no passive effects
@: constricted
A: AC +4, unfitting armour, cold-blooded
a: no special abilities


You were on level 1 of the Dungeon.
You visited 1 branch of the dungeon, and saw 1 of its levels.

You collected 13 gold pieces.

Inventory:

Talismans
 b - a beast talisman
Scrolls
 c - a scroll of enchant armour {unknown}
 d - 3 scrolls of poison {unknown}
 e - a scroll of identify {unknown}
Potions
 a - a potion of lignification


   Skills:
 - Level 1.1 Fighting
 - Level 1.7 Dodging
 * Level 3.2 Unarmed Combat
 + Level 3.0 Shapeshifting


You couldn't memorise any spells.
You didn't know any spells.
Your spell library was empty.

Dungeon Overview and Level Annotations

Branches:
Dungeon (1/15)

Altars:


Innate Abilities, Weirdness & Mutations

Your plain brown scales are hard. (AC +4)
You cannot fit into any form of body armour.
You are cold-blooded and may be slowed by cold attacks.


Message History

Things that are here:
a +0 dagger; a goblin corpse You see here a rat corpse.
A gnoll comes into view. It is wielding a +0 club.
The gnoll shouts!
A ball python comes into view.
Okay, then.
Okay, then.
Attack: -) Nothing wielded
Press: ? - help, Dir - move target, f - gnoll
Aim: a gnoll, wielding a +0 club (about 32% to evade your hands)
Okay, then.
The ball python hisses angrily.
There are monsters nearby!
Still begin transforming?
The gnoll hits you with a +0 club.
Keep transforming yourself?
You begin untransforming.
You continue untransforming.
The gnoll hits you but does no damage. The ball python bites you.
The ball python barely misses you.
You continue untransforming.
The gnoll barely misses you.
The ball python bites you but does no damage.
The ball python closely misses you.
You continue untransforming.
The gnoll closely misses you. The ball python closely misses you. x2
Your transformation has ended.
The gnoll hits you with a +0 club. The ball python closely misses you.
The ball python grabs you. The ball python constricts you.
You hit the gnoll.
The gnoll is moderately wounded.
The ball python barely misses you. The ball python constricts you.
The gnoll hits you with a +0 club.
* * * LOW HITPOINT WARNING * * *
You closely miss the gnoll.
The gnoll is moderately wounded.
The ball python closely misses you. The ball python constricts you.
* * * LOW HITPOINT WARNING * * *
The gnoll hits you with a +0 club.
You die...

.......#.....#
>......##....#
.......##....#
.......##....####
................##
###############.>####
#### .........
#..†.)##.....
...8..8..
♣.###S###†.......
....÷....
♣....g@........(.
....÷÷...
♣♣.#####.###.....
...8..8.. ♣ #...
..... ......... ###.#
.... ...8..8.. ...
... ....÷÷... ######
....÷÷... ...8..8..
.........


You could see a gnoll and a ball python.

Vanquished Creatures
  A ball python (D:1)
  A goblin (D:1)
  2 rats (D:1)
4 creatures vanquished.

Notes
Turn   | Place    | Note
-------+----------+-------------------------------------------
     0 | D:1      | Grim the Draconian Shapeshifter began the quest for the
                  | Orb.
     0 | D:1      | Reached XP level 1. HP: 16/16 MP: 1/1
    85 | D:1      | Slain by a gnoll

Illustrated notes

Levels and vault maps discovered:
D:1:      giann_forest_graveyard, layout_rooms, grunt_decor_clamped

Action                     || total
---------------------------++-------
  Melee: Unarmed           ||     7
 Armour: Skin              ||     4
  Dodge: Dodged            ||    11
         Form:             ||     1

Table legend: (Time is in decaauts)
 A = Elapsed time spent in this place.
 B = Non-inter-level travel time spent in this place.
 C = Inter-level travel time spent in this place.
 D = Time resting spent in this place.
 E = Time spent auto-exploring this place.
 F = Levels seen in this place.
 G = Mean time per level.
                   A        B        C        D        E       F      G
               +--------+--------+--------+--------+--------+-----+--------+
         Total |     84 |     84 |      0 |      0 |     52 |   1 |   84.0 |
       Dungeon |     84 |     84 |      0 |      0 |     52 |   1 |   84.0 |
               +--------+--------+--------+--------+--------+-----+--------+

Top non-repeatable levels by time:
     D:1: 84 daAuts
